 Dungeon Crawl Stone Soup version 0.21-a0-237-g87df72b (webtiles) character file.

4 4thArraOfDagon the Vexing (level 1, -12/13 HPs)
             Began as a Human Enchanter on Sept 2, 2017.
             Killed by divine providence
             ... invoked by an orc priest
              (16 damage)
             ... on level 3 of the Dungeon.
             The game lasted 00:02:05 (328 turns).

4thArraOfDagon the Vexing (Human Enchanter)          Turns: 328, Time: 00:02:06

Health: -12/13     AC:  2    Str:  8    XL:     1   Next: 77%
Magic:  3/3        EV: 12    Int: 15    God:
Gold:   40         SH:  0    Dex: 13    Spells: 3/4 levels left

rFire    . . .     SeeInvis .   a - +1 dagger
rCold    . . .     Gourm    .   (no shield)
rNeg     . . .     Faith    .   b - +0 robe
rPois    .         Spirit   .   (no helmet)
rElec    .         Reflect  .   (no cloak)
rCorr    .         Harm     .   (no gloves)
MR       .....                  (no boots)
Stlth    ++........             (no amulet)
HPRegen  0.04/turn              (no ring)
MPRegen  0.08/turn              (no ring)

@: no status effects
A: no striking features
a: no special abilities


You were on level 3 of the Dungeon.
You were not hungry.

You visited 1 branch of the dungeon, and saw 4 of its levels.

You collected 40 gold pieces.

Inventory:

Hand Weapons
 a - a +1 dagger (weapon)
Armour
 b - a +0 robe (worn)
Potions
 h - a potion of brilliance
Books
 c - a book of Maledictions

   Spells                             Type                      Level
   a - Corona                         Hexes                        1
   b - Ensorcelled Hibernation        Hexes/Ice                    2
   c - Confuse                        Hexes                        3
   d - Tukima's Dance                 Hexes                        3
   e - Dazzling Spray                 Conjuration/Hexes            3
Comestibles
 d - a bread ration


   Skills:
 * Level 1.7 Short Blades
 - Level 2.0 Dodging
 - Level 3.0 Stealth
 - Level 2.0 Spellcasting
 - Level 3.0 Hexes


You had 3 spell levels left.
You knew the following spells:

 Your Spells              Type           Power        Failure   Level  Hunger
a - Corona                Hex            ##.....      6%          1    #......


Dungeon Overview and Level Annotations

Branches:
Dungeon (4/15)
 Temple: D:4-7

Altars:
Nemelex Xobeh


Message History

As you read the scroll labeled WIREANT MOST, it crumbles to dust.
The dust glows pale chartreuse!
It was a scroll of random uselessness.
As you read the scroll labeled APY VOIBLOU, it crumbles to dust.
You feel blessed for a moment.
It was a scroll of remove curse.
It was a potion of brilliance.
You feel clever all of a sudden. The orc priest closely misses you.
It was a potion of cancellation.
Your magical effects are unravelling.
You feel magically purged.
You feel a little less clever now. The orc priest barely misses you.
The orc priest calls down the wrath of Beogh upon you.
Pain shoots through your body!
Ouch! That really hurt!
* * * LOW HITPOINT WARNING * * *
The orc priest calls down the wrath of Beogh upon you.
Beogh smites you!
Ouch! That really hurt!
You die...

####.# ## #.# .## +# #####
#.# ##### ..# .### ...# #.#
.....# #.# ... ##.## #.#
.....o##.# ##.# ##...## #.#
.....o$#.###.# ##.....###.#
.....oo#.....####.......##.#
......o#..#..##.@..._......#
...... #..#.#.#.#.......####
..... ##....#...##.....##
#######.o.###..####...##
..o.....#.# #.o# ##.##
#########.###..# #.#
#...o..# ..# #####.## #.##
....


You could see an orc priest and an orc.

Vanquished Creatures
  A dart slug (D:1)
  A bat (D:1)
  A rat (D:2)
3 creatures vanquished.

Notes
Turn   | Place    | Note
-------+----------+-------------------------------------------
     0 | D:1      | 4thArraOfDagon the Human Enchanter began the quest for the Orb.
     0 | D:1      | Reached XP level 1. HP: 13/13 MP: 3/3
   243 | D:4      | Noticed an orc wizard
   254 | D:4      | :(
   266 | D:3      | Found a sparkling altar of Nemelex Xobeh.
   282 | D:3      | Noticed an orc wizard
   283 | D:3      | Noticed an orc priest
   283 | D:3      | Noticed an orc priest
   328 | D:3      | Killed from afar by an orc priest

Vault maps used:
D:1:      saegor_arrival_simple_d
D:2:      overflow_temple_1_default, wad_floor_pattern_1
D:3:      cheibrodos_pilgrimage, lemuel_round_altar, solitary_fountain,
          uniq_jessica, uniq_terence
D:4:      first_bread, uniq_ijyb

Action                   || total
-------------------------++-------
Melee: Dagger            ||    15
 Cast: Corona            ||     1
  Use: Scroll            ||     3
       Potion            ||     2
Armor: Robe              ||     3
Dodge: Dodged            ||    12

Table legend:
 A = Spawn XP
 B = Non-spawn XP
 C = Spawn XP percentage of total XP
 D = Spawn monster count
 E = Non-spawn monster count
 F = Spawn count percentage of total count
 G = Total turns spent on level
                    A         B        C        D         E        F      G
               +---------+---------+-------+---------+---------+-------+---------
         Total |       0 |       7 |   0.0 |       0 |       3 |   0.0 |   328
               +---------+---------+-------+---------+---------+-------+---------
           D:1 |       0 |       6 |   0.0 |       0 |       2 |   0.0 |   125
           D:2 |       0 |       1 |   0.0 |       0 |       1 |   0.0 |    63
               +---------+---------+-------+---------+---------+-------+---------
